AoeStats
← OctopusRewind

Arabian Desert

510106962Analyzed
1v1 RM · 4d ago on Sep 29, 2026· 19m 41s· 2 players
Game mode
Random Map
Map size
Tiny (2 player)
Population
200
Speed
Normal
Resources
Standard
Victory
Conquest
Starting age
Dark Age
Ending age
Imperial Age
RankedLock teamsTeams togetherTeam positionsShared explorationLock speedFull tech treeHidden civsTurbo modeCheats
Victory
Defeat
🇺🇸 Danes · United States
455
+20
🇬🇧 Teutons · United Kingdom
475
-17
OctopusRewind
2:01 Loom
13:32 Feudal Age
15:16 Wheelbarrow
15:04 Town Watch
15:24 Man-at-Arms
15:50 Arson
16:30 Horse Collar
16:43 Double-Bit Axe
Vulpes Fox
7:36 Loom
13:25 Feudal Age
15:12 Horse Collar
15:21 Double-Bit Axe
16:43 Forging
16:31 Fletching
17:02 Forging
18:47 Wheelbarrow
Connection lost

Rejoining the realm…

Still unreachable

The connection could not be restored.

Session expired

The server has moved on; the page needs a fresh start.